 Dungeon Crawl Stone Soup version 0.21.1-1-g345015fe64 (webtiles) character file.

40 overmorrow the Shield-Bearer (level 3, 33/33 HPs)
             Began as a Hill Orc Fighter on Mar 25, 2018.
             Quit the game on level 1 of the Dungeon on June 10, 2018.
             The game lasted 00:06:16 (1363 turns).

overmorrow the Shield-Bearer (Hill Orc Fighter)     Turns: 1363, Time: 00:06:16

Health: 33/33      AC: 11    Str: 19    XL:     3   Next: 50%
Magic:  3/3        EV:  5    Int:  8    God:
Gold:   42         SH:  9    Dex: 10    Spells: 2/2 levels left

rFire    . . .     SeeInvis .   s - +0 short sword (curse)
rCold    . . .     Gourm    .   c - +0 shield
rNeg     . . .     Faith    .   k - +0 chain mail
rPois    .         Spirit   .   (no helmet)
rElec    .         Reflect  .   r - +1 cloak
rCorr    .         Harm     .   (no gloves)
MR       .....                  (no boots)
Stlth    ..........             (no amulet)
HPRegen  0.11/turn              (no ring)
MPRegen  0.08/turn              (no ring)

@: no status effects
A: no striking features
a: no special abilities


You were on level 1 of the Dungeon.
You were not hungry.

You visited 1 branch of the dungeon, and saw 2 of its levels.

You collected 42 gold pieces.

Inventory:

Hand Weapons
 a - a +1 long sword
 q - a +0 spear
 s - a cursed +0 short sword (weapon)
Armour
 b - a +0 scale mail
 c - a +0 shield (worn)
 k - a +0 chain mail (worn)
 r - a +1 cloak (worn)
Scrolls
 g - a scroll of amnesia {unknown}
 h - a scroll of teleportation {unknown}
 i - a scroll of fear {unknown}
 j - 3 scrolls of identify {unknown}
 o - a scroll of remove curse {unknown}
Potions
 d - a potion of might
 l - a potion of berserk rage {unknown}
 m - a potion of curing {unknown}
 n - a potion of haste {unknown}
Comestibles
 f - 2 rations
 p - 2 chunks of flesh


   Skills:
 + Level 3.9 Fighting
 + Level 2.5 Long Blades
 + Level 3.6 Armour
 - Level 0.5 Dodging
 + Level 4.0 Shields


You had 2 spell levels left.
You didn't know any spells.

Dungeon Overview and Level Annotations

Branches:
Dungeon (2/15)

Altars:


Message History

No target in view!
Search for what [Enter for "ego", or ? for help]?
There is a stone staircase leading up here.
You climb upwards.
There is a stone staircase leading down here.
You see here a glowing cloak.
r - a glowing cloak You start putting on your armour.
You continue putting on your glowing cloak. x4
You finish putting on your +1 cloak.
Search for what [Enter for "ego", or ? for help]? ego
There is an open door here.
You see here a runed short sword.
s - a runed short sword It sticks to your hand!
s - a cursed +0 short sword (weapon)
As you read the scroll labeled YSOWNA IXTEAT, it crumbles to dust.
It is a scroll of enchant weapon.
Your +0 long sword glows red for a moment.
Are you sure you want to abandon this character and quit the game? (Confirm with "yes".)

....#.......###......'...#.......
....#.#####...'.....##...#.###.##
....#.........#.....######.# #.#
....#..####.#.#.##..######.# #.#
....#..#....#.#.##.........# #.##
#'###..#.####.#......####### #.#.
#...#..#......###..#.#### #.#.
.......###..............### #.#.
###.##.##)......@#........####.#.
..#....#.....#...#...#......##.#.
..######..#...#..#..#...#....#.#.
..'...#....#..#..#..#..#.........
..###.#.....#..#.#.#..#......#.##
#####.#..#...#.#.#.#.#...#.......
....#.#...##..#.#.#.#..##.....#.#
###.#.#.....##.#...#.##.......#.#
#.#.#.......#.....#.........#.#


There were no monsters in sight!

Vanquished Creatures
  An adder (D:2)
  2 dart slugs
  A leopard gecko (D:2)
  2 giant cockroaches (D:1)
  4 hobgoblins
  4 jackals (D:1)
  A bat (D:1)
  2 frilled lizards
  A goblin (D:1)
  5 kobolds
  2 rats (D:1)
25 creatures vanquished.

Notes
Turn   | Place    | Note
-------+----------+-------------------------------------------
     0 | D:1      | overmorrow the Hill Orc Fighter began the quest for the Orb.
     0 | D:1      | Reached XP level 1. HP: 19/19 MP: 1/1
   116 | D:1      | Reached XP level 2. HP: 14/27 MP: 2/2
  1095 | D:2      | Reached skill level 4 in Shields
  1095 | D:2      | Reached XP level 3. HP: 23/33 MP: 3/3
  1363 | D:1      | Quit the game

Skill      XL: |  1  2 |
---------------+-------+-----
Shields        | 4 |  4.0
Fighting       | |  3.9
Long Blades    | |  2.5
Armour         | |  3.6
Dodging        | |  0.5

Action                   || total
-------------------------++-------
Melee: Long sword        ||    65
  Use: Scroll            ||     1
  Eat: Chunk             ||     1
Armor: Scale mail        ||    26
       Chain mail        ||     9
Dodge: Dodged            ||    21
Block: Shield            ||    34
       Rpst.: Long sword ||     6
